 Dungeon Crawl Stone Soup version 0.20.1-1-g8b1a95d66d (webtiles) character file.

13 Ivernyr the Ogre Mage (level 2, -3/24 HPs)
             Began as an Ogre Wizard on Dec 4, 2017.
             Slain by a worm (12 damage)
             ... on level 1 of the Dungeon.
             The game lasted 00:02:22 (1122 turns).

Ivernyr the Ogre Mage (Ogre Wizard)                 Turns: 1122, Time: 00:02:22

Health: -3/24      AC:  3    Str: 10    XL:     2   Next: 37%
Magic:  1/7        EV: 10    Int: 19    God:
Gold:   38         SH:  0    Dex:  7    Spells: 6/9 levels left

rFire    . . .     SeeInvis .   (no weapon)
rCold    . . .     Gourm    .   (no shield)
rNeg     . . .     Faith    .   a - +0 robe
rPois    +         Spirit   .   b - +0 hat
rElec    .         Reflect  .   (no cloak)
rCorr    .         Harm     .   (gloves unavailable)
MR       .....                  (boots unavailable)
Stlth    +.........             (no amulet)
Regen    0.1/turn               g - ring of poison resistance
MPRegen  0.1/turn               (no ring)

@: very slightly contaminated
A: unfitting armour, tough skin 1
a: no special abilities


You were on level 1 of the Dungeon.
You were not hungry.

You visited 1 branch of the dungeon, and saw 2 of its levels.

You collected 38 gold pieces.

Inventory:

Armour
 a - a +0 robe (worn)
 b - a +0 hat (worn)
Jewellery
 g - a ring of poison resistance (left hand)
Scrolls
 f - a scroll of recharging {unknown}
 i - 3 scrolls of teleportation {unknown}
 k - a scroll of amnesia {unknown}
 l - a scroll of remove curse {unknown}
Potions
 e - a potion of brilliance {unknown}
 h - a potion of ambrosia {unknown}
 j - a potion of agility {unknown}
Books
 c - a book of Minor Magic

   Spells                             Type                      Level
   a - Magic Dart                     Conjuration                  1
   b - Blink                          Translocation                2
   c - Call Imp                       Summoning                    2
   d - Slow                           Hexes                        2
   e - Conjure Flame                  Conjuration/Fire             3
   f - Mephitic Cloud                 Conjuration/Poison/Air       3
Comestibles
 d - a bread ration


   Skills:
 + Level 2.0 Dodging
 - Level 1.4 Stealth
 * Level 4.0 Spellcasting
 + Level 1.1 Conjurations
   Level 0.8 Summonings
 - Level 0.8 Translocations


You had 6 spell levels left.
You knew the following spells:

 Your Spells              Type           Power        Failure   Level  Hunger
a - Magic Dart            Conj           #...         9%          1    None
b - Blink                 Tloc           N/A          14%         2    ##.....


Dungeon Overview and Level Annotations

Branches:
Dungeon (2/15)

Altars:


Innate Abilities, Weirdness & Mutations

You are too large for most types of armour.
You have tough skin. (AC +1)


Message History

The magic dart hits the worm.
The worm is moderately wounded.
The worm closely misses you.
You barely miss the worm.
The worm is moderately wounded.
You hit the worm but do no damage.
The worm is moderately wounded.
The worm bites you!
You hit the worm.
The worm is moderately wounded.
You hit the worm but do no damage.
The worm is moderately wounded.
The worm bites you. The worm closely misses you.
There is a stone staircase leading up here.
You climb upwards.
There is a stone staircase leading down here.
The worm bites you!
Ouch! That really hurt!
You die...

.# #.# #.....# .# #.# ### #....##
## #.# ##.######†#.## #.###
#.#.......#.# #...# ##.########.#
###.# #.# ##+## #.#
#####.#######...## ###.#
#>w.......##.....# # ##.#.#
#@##..###.#.......
####....########.#...###.........
'................................
####.....#######.....###....(....
# ##.##.# ##..#.####.#.......
####.# #..........##.....# #.#
#.#.####..####)..## #.#
#'#######'# ##'### #.#
##(........## #.....


You could see a worm.

Vanquished Creatures
  A leopard gecko (D:1)
  A hobgoblin (D:1)
  3 kobolds
  A frilled lizard (D:1)
  2 goblins
  5 rats
13 creatures vanquished.

Notes
Turn   | Place    | Note
-------+----------+-------------------------------------------
     0 | D:1      | Ivernyr the Ogre Wizard began the quest for the Orb.
     0 | D:1      | Reached XP level 1. HP: 16/16 MP: 5/5
    15 | D:1      | Reached skill level 1 in Conjurations
   440 | D:1      | Reached XP level 2. HP: 24/24 MP: 2/6
   481 | D:1      | Learned a level 2 spell: Blink
  1037 | D:2      | Reached skill level 4 in Spellcasting
  1122 | D:1      | Slain by a worm

Skill      XL: |  1  2 |
---------------+-------+-----
Conjurations   | 1 |  1.1
Dodging        | 2 |  2.0
Spellcasting   | 4 |  4.0
Stealth        | |  1.4
Summonings     | |  0.8
Translocations | |  0.8

Action                   || total
-------------------------++-------
Melee: Unarmed           ||     8
 Cast: Magic Dart        ||    30
Armor: Robe              ||     1
Dodge: Dodged            ||     8
